 Dungeon Crawl Stone Soup version 0.21.1-1-g345015fe64 (webtiles) character file.

2579 Oravi the Slicer (level 9, 0/60 HPs)
             Began as a Halfling Fighter on Mar 27, 2018.
             Was a Believer of Okawaru.
             Succumbed to a killer bee's poison
             ... on level 7 of the Dungeon.
             The game lasted 00:37:42 (7478 turns).

Oravi the Slicer (Halfling Fighter)                 Turns: 7478, Time: 00:37:43

Health: 0/60       AC: 10    Str: 24    XL:     9   Next: 88%
Magic:  9/9        EV: 12    Int:  6    God:    Okawaru [**....]
Gold:   122        SH: 13    Dex: 15    Spells: 8/8 levels left

rFire    + . .     SeeInvis .   z - +2 rapier (freeze)
rCold    . . .     Gourm    .   c - +1 shield
rNeg     . . .     Faith    .   b - +0 scale mail
rPois    .         Spirit   .   k - +0 helmet
rElec    .         Reflect  .   o - +0 cloak
rCorr    .         Harm     .   (no gloves)
MR       .....                  (no boots)
Stlth    ..........             (no amulet)
HPRegen  0.20/turn              q - ring of protection from fire
MPRegen  0.11/turn              y - +5 ring of strength

@: lethally poisoned (0 -> -4), berserk cooldown, slowed, very slow
A: small, mutation resistance 1
a: Heroism, Renounce Religion


You were on level 7 of the Dungeon.
You worshipped Okawaru.
Okawaru was pleased with you.
You were not hungry.

You visited 2 branches of the dungeon, and saw 8 of its levels.

You collected 302 gold pieces.
You spent 180 gold pieces at shops.

Inventory:

Hand Weapons
 a - a +0 rapier
 h - a +1 dagger of venom
 i - a +0 hunting sling
 n - a +2 dagger of holy wrath
 z - a +2 rapier of freezing (weapon)
 B - a +2 dagger of draining
Missiles
 e - 177 stones (quivered)
 l - 108 sling bullets
Armour
 b - a +0 scale mail (worn)
 c - a +1 shield (worn)
 k - a +0 helmet (worn)
 o - a +0 cloak (worn)
Jewellery
 q - a ring of protection from fire (left hand)
 y - a +5 ring of strength (right hand)
Wands
 d - a wand of flame (48)
 r - a wand of paralysis (16)
Scrolls
 g - 4 scrolls of remove curse
 p - 4 scrolls of identify
 t - 2 scrolls of enchant weapon
 v - a scroll of teleportation
Potions
 j - a potion of magic
 s - a potion of cancellation
 u - a potion of flight {unknown}
 w - a potion of brilliance {unknown}
 x - a potion of lignification
Comestibles
 f - 6 rations
 A - 3 chunks of flesh


   Skills:
 + Level 4.8 Fighting
 + Level 8.8 Short Blades
 + Level 7.1 Armour
 + Level 3.5 Dodging
 + Level 8.2 Shields


You had 8 spell levels left.
You didn't know any spells.

Dungeon Overview and Level Annotations

Branches:
Dungeon (7/15)             Temple (1/1) D:4

Altars:
Ashenzari
Dithmenos
Fedhas
Gozag
Hepliaklqana
Makhleb
Nemelex Xobeh
Okawaru
Qazlal
Ru
Sif Muna
Trog
Uskayaw
Vehumet
Wu Jian
Yredelemnul
Zin
The Shining One

Shops:
D:5 ?:?   D:6 [

Annotations:
D:4 Sigmund


Innate Abilities, Weirdness & Mutations

You are small and have problems with some larger weapons.
You are somewhat resistant to further mutation.


Message History

A jelly comes into view.
You feel a strong urge to attack something.
* * * LOW HITPOINT WARNING * * *
You feel sick.
The jelly quivers.
You block the killer bee's attack.
You are too injured to fight recklessly!
You puncture the killer bee! You freeze the killer bee.
The killer bee is almost dead.
Your surroundings suddenly seem different.
* * * LOW HITPOINT WARNING * * *
You feel sick.
Found a chain mail and a cloak.
You feel a strong urge to attack something.
You are no longer berserk.
You are exhausted.
You feel yourself slow down.
* * * LOW HITPOINT WARNING * * *
You feel sick.
You die...

######### #....[..#
#.?..@..#
############.......#
.....<%............#
.#######...#...[...#
#...##.#########..
#......##### #...
#..........# #....
..###.......# #.....
.......)...## .


There were no monsters in sight!

Vanquished Creatures
  A hippogriff (D:7)
  Eustachio (D:6)
  Menkaure (D:4)
  Duvessa (D:5)
  A sky beast (D:6)
  2 ice beasts
  A black bear (D:6)
  4 ogres
  A phantom (D:6)
  Dowan (D:5)
  6 killer bees
  A howler monkey (D:5)
  A bullfrog zombie (D:5)
  A crimson imp (D:6)
  7 orc wizards
  A hound (D:4)
  2 jellies (D:5)
  A bullfrog skeleton (D:5)
  Crazy Yiuf (D:2)
  Natasha (thrice) (D:2)
  3 worker ants
  An iguana (D:4)
  Terence (D:2)
  A hound skeleton (D:7)
  A worker ant zombie (D:5)
  Robin (D:4)
  5 adders
  4 gnolls (D:3)
  2 shadow imps
  3 oozes
  An adder zombie (D:5)
  An adder skeleton (D:7)
  2 worms
  3 dart slugs
  7 leopard geckos
  27 orcs
  6 bats
  3 giant cockroaches
  11 goblins
  8 hobgoblins
  9 jackals
  8 kobolds
  4 quokkas
  4 frilled lizards
  A leopard gecko skeleton (D:7)
  5 rats
160 creatures vanquished.

Notes
Turn   | Place    | Note
-------+----------+-------------------------------------------
     0 | D:1      | Oravi the Halfling Fighter began the quest for the Orb.
     0 | D:1      | Reached XP level 1. HP: 15/15 MP: 1/1
   238 | D:1      | Reached XP level 2. HP: 20/20 MP: 2/2
   986 | D:2      | Reached XP level 3. HP: 16/25 MP: 3/3
  1080 | D:2      | Noticed Natasha
  1091 | D:2      | Killed Natasha
  1091 | D:2      | Reached XP level 4. HP: 10/31 MP: 4/4
  1325 | D:2      | Noticed Terence
  1347 | D:2      | Killed Terence
  1409 | D:2      | Found a runed door.
  1468 | D:2      | Reached XP level 5. HP: 36/36 MP: 5/5
  1621 | D:2      | Noticed an ice beast
  1635 | D:2      | Killed an ice beast
  1635 | D:2      | Reached skill level 1 in Dodging
  1635 | D:2      | Reached XP level 6. HP: 26/42 MP: 6/6
  1669 | D:2      | Found a glowing golden altar of the Shining One.
  1809 | D:2      | Noticed Natasha
  1812 | D:2      | Found a sparkling altar of Nemelex Xobeh.
  1824 | D:2      | Killed Natasha
  1854 | D:2      | Noticed Natasha
  1861 | D:2      | Killed Natasha
  2366 | D:3      | Reached skill level 5 in Shields
  2922 | D:4      | Found a staircase to the Ecumenical Temple.
  2925 | D:4      | Noticed an ogre
  2935 | D:4      | Killed an ogre
  2935 | D:4      | Reached skill level 5 in Short Blades
  2935 | D:4      | Reached XP level 7. HP: 46/46 MP: 7/7
  2970 | Temple   | Entered the Ecumenical Temple
  2991 | Temple   | Became a worshipper of Warmaster Okawaru
  3347 | D:4      | Noticed Menkaure
  3366 | D:4      | Killed Menkaure
  3677 | D:4      | Noticed Sigmund
  3712 | D:4      | Noticed Robin
  3729 | D:4      | Killed Robin
  3914 | D:4      | Reached * piety under Okawaru
  3914 | D:4      | Reached skill level 5 in Armour
  3914 | D:4      | Reached XP level 8. HP: 19/54 MP: 8/8
  4551 | D:2      | Noticed Crazy Yiuf
  4560 | D:2      | Killed Crazy Yiuf
  4653 | D:5      | Entered Level 5 of the Dungeon
  4869 | D:5      | Noticed Duvessa
  4876 | D:5      | Noticed Dowan
  4902 | D:5      | Killed Duvessa
  4920 | D:5      | Killed Dowan
  5276 | D:5      | Found Litor's Magic Scroll Emporium.
  5355 | D:5      | Bought a scroll of enchant weapon for 90 gold pieces
  5355 | D:5      | Bought a scroll of enchant weapon for 90 gold pieces
  5359 | D:5      | Found Videu's Book Shoppe.
  5526 | D:5      | Found Tetyaray's Magic Scroll Boutique.
  5930 | D:6      | Found a shadowy altar of Dithmenos.
  5973 | D:6      | Reached XP level 9. HP: 59/59 MP: 9/9
  6188 | D:6      | Noticed Eustachio
  6204 | D:6      | Killed Eustachio
  6204 | D:6      | Reached ** piety under Okawaru
  6498 | D:6      | Found Pulah's Antique Armour Boutique.
  6872 | D:7      | Found a stormy altar of Qazlal.
  6921 | D:7      | Noticed a hippogriff
  7254 | D:7      | Killed a hippogriff
  7470 | D:7      | HP: 2/60 [killer bee (7)]
  7475 | D:7      | HP: 1/90 [poisoned by a killer bee]
  7478 | D:7      | Succumbed to a killer bee's poison

Skill      XL: |  1  2  3  4  5  6  7  8  9 |
---------------+----------------------------+-----
Shields        | 4 5 6 8 |  8.2
Fighting       | 3 4 |  4.8
Short Blades   | 3 4 5 6 7 8 |  8.8
Armour         | 4 5 6 7 |  7.1
Dodging        | 1 2 3 |  3.5

Action                   |  1- 3 |  4- 6 |  7- 9 || total
-------------------------+-------+-------+-------++-------
Melee: Rapier            |    74 |   229 |   226 ||   529
       Dagger            |       |       |   281 ||   281
Evoke: Wand              |       |       |     5 ||     5
  Use: Potion            |     1 |     2 |     6 ||     9
       Scroll            |       |     1 |     9 ||    10
 Stab: Fleeing           |       |       |     1 ||     1
  Eat: Chunk             |     1 |     6 |     5 ||    12
       Ration            |       |       |     3 ||     3
Armor: Scale mail        |    22 |    61 |    95 ||   178
       Skin              |       |    10 |     7 ||    17
Dodge: Dodged            |    13 |    85 |   125 ||   223
Block: Shield            |    38 |   116 |   264 ||   418
